| TOP OF THE 1ST |
|
Oregon State University Beavers batting - Pitching for University of Georgia Bulldogs : LHP David Ayala
|
|
Pitching: LHP David Ayala
|
|
|
Batting: RHB Seth Fox
|
0-0: Swinging Strike 0-1: Called Strike 0-2: Strikes out looking
|
|
Batting: LHB Mike Becerra
|
0-0: Ball 1-0: Ball 2-0: Called Strike 2-1: Ball 3-1: Foul Ball, location: 2F 3-2: Foul Ball, location: 2F 3-2: Foul Ball, location: 2F 3-2: Base on Balls
|
|
Batting: RHB Joel Gomez
|
0-0: Ball 1-0: Called Strike 1-1: Foul Ball, location: 2F 1-2: Fly out, F8 (Flyball, 78XD, EV 105.6 MPH)
|
|
Batting: RHB Roger Mitchell
|
0-0: Ball 1-0: Ball 2-0: Ball 3-0: Base on Balls Mike Becerra to second
|
|
Batting: RHB Hisao Takei
|
0-0: Fielders Choice at 2nd, 5-4 (Groundball, 5D, EV 87.5 MPH)
|
| Top of the 1st over - 0 runs, 0 hits, 0 errors, 2 left on base; Oregon State University 0 - University of Georgia 0 |
| BOTTOM OF THE 1ST |
|
University of Georgia Bulldogs batting - Pitching for Oregon State University Beavers : RHP John Brooks
|
|
Pitching: RHP John Brooks
|
|
|
Batting: RHB Armando Ramirez
|
0-0: Ball 1-0: Ground out 5-3 (Groundball, 56, EV 105.6 MPH)
|
|
Batting: LHB Mitsujiro Tanaka
|
0-0: Swinging Strike 0-1: Called Strike 0-2: SINGLE (Groundball, 6D, EV 106.3 MPH)
|
|
Batting: LHB Antonio Razo
|
0-0: Called Strike 0-1: Fly out, F9 (Flyball, 8RS, EV 97.5 MPH)
|
|
Batting: RHB Jeff Floyd
|
0-0: Fielders Choice at 2nd, 6-4 (Groundball, 6, EV 83.1 MPH)
|
| Bottom of the 1st over - 0 runs, 1 hit, 0 errors, 1 left on base; Oregon State University 0 - University of Georgia 0 |
| TOP OF THE 2ND |
|
Oregon State University Beavers batting - Pitching for University of Georgia Bulldogs : LHP David Ayala
|
|
Batting: LHB Edwin Bautista
|
0-0: Ball 1-0: Foul Ball, location: 2F 1-1: Foul Ball, location: 2F 1-2: Strikes out swinging
|
|
Batting: RHB Vicente Guillen
|
0-0: Ball 1-0: Ground out 4-3 (Groundball, 4, EV 103.8 MPH)
|
|
Batting: LHB Carlos Magana
|
0-0: Swinging Strike 0-1: Foul Ball, location: 2F 0-2: Ball 1-2: Strikes out looking
|
| Top of the 2nd over - 0 runs, 0 hits, 0 errors, 0 left on base; Oregon State University 0 - University of Georgia 0 |
| BOTTOM OF THE 2ND |
|
University of Georgia Bulldogs batting - Pitching for Oregon State University Beavers : RHP John Brooks
|
|
Batting: LHB Jesus Huante
|
0-0: Foul Ball, location: 2F 0-1: Ground out 2-3 (Groundball, 15S, EV 66.3 MPH)
|
|
Batting: RHB Ivan Barrientos
|
0-0: Called Strike 0-1: Ball 1-1: Ground out 5-3 (Groundball, 5S, EV 81.3 MPH)
|
|
Batting: RHB Pedro Gonzalez
|
0-0: Ball 1-0: Ground out 5-3 (Groundball, 56S, EV 86.3 MPH)
|
| Bottom of the 2nd over - 0 runs, 0 hits, 0 errors, 0 left on base; Oregon State University 0 - University of Georgia 0 |
| TOP OF THE 3RD |
|
Oregon State University Beavers batting - Pitching for University of Georgia Bulldogs : LHP David Ayala
|
|
Batting: RHB Noel Bodkin
|
0-0: Called Strike 0-1: Foul Ball, location: 2F 0-2: Foul Ball, location: 2F 0-2: Strikes out swinging
|
|
Batting: RHB Seth Fox
|
0-0: Ball 1-0: Called Strike 1-1: Foul Ball, location: 2F 1-2: Strikes out swinging
|
|
Batting: LHB Mike Becerra
|
0-0: Ball 1-0: Ball 2-0: Called Strike 2-1: Ball 3-1: SINGLE (Flyball, 34D, EV 97.5 MPH)
|
|
Batting: RHB Joel Gomez
|
0-0: Called Strike 0-1: Ball 1-1: Swinging Strike 1-2: Ball 2-2: Strikes out looking
|
| Top of the 3rd over - 0 runs, 1 hit, 0 errors, 1 left on base; Oregon State University 0 - University of Georgia 0 |
| BOTTOM OF THE 3RD |
|
University of Georgia Bulldogs batting - Pitching for Oregon State University Beavers : RHP John Brooks
|
|
Batting: RHB Mike Lassiter
|
0-0: Ball 1-0: Ball 2-0: SINGLE (Groundball, 6MD, EV 95.0 MPH)
|
|
Batting: RHB Tsugio Yamaguchi
|
0-0: Fly out, F7 (Flyball, 78S, EV 89.4 MPH)
|
|
Batting: RHB Armando Ramirez
|
0-0: Fly out, F8 (Flyball, 8LM, EV 82.5 MPH)
|
|
Batting: LHB Mitsujiro Tanaka
|
0-0: Ball 1-0: Swinging Strike 1-1: Ball 2-1: Fly out, F8 (Flyball, 89M, EV 94.4 MPH)
|
| Bottom of the 3rd over - 0 runs, 1 hit, 0 errors, 1 left on base; Oregon State University 0 - University of Georgia 0 |
| TOP OF THE 4TH |
|
Oregon State University Beavers batting - Pitching for University of Georgia Bulldogs : LHP David Ayala
|
|
Batting: RHB Roger Mitchell
|
0-0: Ball 1-0: Ball 2-0: Called Strike 2-1: SINGLE (Popup, 5S, EV 78.8 MPH)
|
|
Batting: RHB Hisao Takei
|
0-0: Fly out, F7 (Flyball, 7S, EV 83.1 MPH)
|
|
Batting: LHB Edwin Bautista
|
0-0: Ball 1-0: SINGLE (Groundball, 25, EV 65.0 MPH) (infield hit) Roger Mitchell to second
|
|
Batting: RHB Vicente Guillen
|
0-0: SINGLE (Groundball, 6MD, EV 95.0 MPH) Roger Mitchell to third Edwin Bautista to second Runner from 3rd tries for Home, SAFE, throw by CF to home Edwin Bautista to third Vicente Guillen to second
|
|
Batting: LHB Carlos Magana
|
0-0: Fly out, F6 (Flyball, 6D, EV 84.4 MPH)
|
|
Batting: RHB Noel Bodkin
|
0-0: Called Strike 0-1: Ground out U3 (Groundball, 3, EV 108.8 MPH)
|
| Top of the 4th over - 1 run, 3 hits, 0 errors, 2 left on base; Oregon State University 1 - University of Georgia 0 |
| BOTTOM OF THE 4TH |
|
University of Georgia Bulldogs batting - Pitching for Oregon State University Beavers : RHP John Brooks
|
|
Batting: LHB Antonio Razo
|
0-0: Called Strike 0-1: Foul Ball, location: 2F 0-2: Ball 1-2: Foul Ball, location: 2F 1-2: Ground out U3 (Groundball, 3L, EV 77.5 MPH)
|
|
Batting: RHB Jeff Floyd
|
0-0: Ball 1-0: Swinging Strike 1-1: Ball 2-1: SINGLE (Groundball, 34D, EV 100.0 MPH)
|
|
Batting: LHB Jesus Huante
|
0-0: Fielders Choice at 2nd, 5-4 (Groundball, 15, EV 83.1 MPH)
|
|
Batting: RHB Ivan Barrientos
|
0-0: Ball 1-0: Foul Ball, location: 2F 1-1: SINGLE (Line Drive, 4MD, EV 101.9 MPH) Jesus Huante to second
|
|
Batting: RHB Pedro Gonzalez
|
0-0: Called Strike 0-1: Ball 1-1: Ground out 4-3 (Groundball, 4, EV 78.8 MPH)
|
| Bottom of the 4th over - 0 runs, 2 hits, 0 errors, 2 left on base; Oregon State University 1 - University of Georgia 0 |
| TOP OF THE 5TH |
|
Oregon State University Beavers batting - Pitching for University of Georgia Bulldogs : LHP David Ayala
|
|
Batting: RHB Seth Fox
|
0-0: Ball 1-0: Ball 2-0: Ball 3-0: Called Strike 3-1: Fly out, F7 (Flyball, 7, EV 86.3 MPH)
|
|
Batting: LHB Mike Becerra
|
0-0: Called Strike 0-1: Ball 1-1: Foul Ball, location: 2F 1-2: SOLO HOME RUN (Flyball, 7D, EV 98.1 MPH), Distance : 361 ft
|
|
Batting: RHB Joel Gomez
|
0-0: Ball 1-0: Ball 2-0: Foul Ball, location: 2F 2-1: Ball 3-1: Base on Balls
|
|
Batting: RHB Roger Mitchell
|
0-0: Ball 1-0: Called Strike 1-1: Foul Ball, location: 2F 1-2: Reached on error, E3 (Groundball, 34S, EV 94.4 MPH) Joel Gomez to second
|
|
Pitching: RHP Matt Schmidt
|
|
|
Batting: RHB Hisao Takei
|
0-0: Called Strike 0-1: Fly out, F9 (Flyball, 9LM, EV 86.3 MPH)
|
|
Batting: LHB Edwin Bautista
|
0-0: Called Strike 0-1: Reached on error, E6 (Groundball, 6, EV 105.6 MPH) Joel Gomez to third Roger Mitchell to second
|
|
Batting: RHB Vicente Guillen
|
0-0: Foul Ball, location: 2F 0-1: Foul Ball, location: 2F 0-2: Foul Ball, location: 2F 0-2: Foul Ball, location: 2F 0-2: Ball 1-2: Strikes out swinging
|
| Top of the 5th over - 1 run, 1 hit, 2 errors, 3 left on base; Oregon State University 2 - University of Georgia 0 |
| BOTTOM OF THE 5TH |
|
University of Georgia Bulldogs batting - Pitching for Oregon State University Beavers : RHP John Brooks
|
|
Batting: RHB Mike Lassiter
|
0-0: Foul Ball, location: 2F 0-1: Ball 1-1: Called Strike 1-2: SINGLE (Line Drive, 89S, EV 110.6 MPH)
|
|
Batting: RHB Tsugio Yamaguchi
|
0-0: Called Strike 0-1: Foul Ball, location: 2F 0-2: Foul Ball, location: 2F 0-2: Ball 1-2: Ball 2-2: Ball 3-2: Grounds into double play, 1-6-3 (Groundball, 13, EV 73.1 MPH)
|
|
Batting: RHB Armando Ramirez
|
0-0: Ground out 6-3 (Groundball, 6, EV 85.0 MPH)
|
| Bottom of the 5th over - 0 runs, 1 hit, 0 errors, 0 left on base; Oregon State University 2 - University of Georgia 0 |
| TOP OF THE 6TH |
|
Oregon State University Beavers batting - Pitching for University of Georgia Bulldogs : RHP Matt Schmidt
|
|
Batting: LHB Carlos Magana
|
0-0: Foul Ball, location: 2F 0-1: Ball 1-1: Swinging Strike 1-2: SINGLE (Line Drive, 4MD, EV 94.4 MPH)
|
|
Batting: RHB Noel Bodkin
|
0-0: Called Strike 0-1: Reached on error, E2 (Groundball, 2L, EV 63.8 MPH) Carlos Magana to third
|
|
Batting: RHB Seth Fox
|
0-0: Ball 1-0: Ball 2-0: Ball 3-0: Called Strike 3-1: Base on Balls
|
|
Batting: LHB Mike Becerra
|
0-0: Fly out, F7 (Flyball, 7LM, EV 97.5 MPH) Runner from 3rd tags up, SCORES, no throw by LF
|
|
Batting: RHB Joel Gomez
|
0-0: Called Strike 0-1: Ball 1-1: Foul Ball, location: 2F 1-2: Ball 2-2: Strikes out swinging
|
|
Batting: RHB Roger Mitchell
|
0-0: Foul Ball, location: 2F 0-1: Ball Noel Bodkin steals 3rd base 1-1: Ball 2-1: Ball 3-1: Fly out, F8 (Flyball, 78D, EV 96.9 MPH)
|
| Top of the 6th over - 1 run, 1 hit, 1 error, 2 left on base; Oregon State University 3 - University of Georgia 0 |
| BOTTOM OF THE 6TH |
|
University of Georgia Bulldogs batting - Pitching for Oregon State University Beavers : RHP John Brooks
|
|
Batting: LHB Mitsujiro Tanaka
|
0-0: Fly out, F7 (Flyball, 7, EV 90.6 MPH)
|
|
Batting: LHB Antonio Razo
|
0-0: Swinging Strike 0-1: Ball 1-1: Ground out 6-3 (Groundball, 6D, EV 100.0 MPH)
|
|
Batting: RHB Jeff Floyd
|
0-0: Ball 1-0: DOUBLE (Line Drive, 9LS, EV 108.1 MPH)
|
|
Batting: LHB Jesus Huante
|
0-0: Ball 1-0: Called Strike 1-1: Ball 2-1: Fly out, F9 (Flyball, 9LM, EV 86.3 MPH)
|
| Bottom of the 6th over - 0 runs, 1 hit, 0 errors, 1 left on base; Oregon State University 3 - University of Georgia 0 |
| TOP OF THE 7TH |
|
Oregon State University Beavers batting - Pitching for University of Georgia Bulldogs : RHP Matt Schmidt
|
|
Pitching: RHP Jon Trujillo
|
|
|
Batting: RHB Hisao Takei
|
0-0: Fly out, F7 (Flyball, 7LM, EV 88.1 MPH)
|
|
Batting: LHB Edwin Bautista
|
0-0: Ball 1-0: Ground out 4-3 (Groundball, 34, EV 101.9 MPH)
|
|
Batting: RHB Vicente Guillen
|
0-0: Swinging Strike 0-1: Ball 1-1: Swinging Strike 1-2: Strikes out swinging
|
| Top of the 7th over - 0 runs, 0 hits, 0 errors, 0 left on base; Oregon State University 3 - University of Georgia 0 |
| BOTTOM OF THE 7TH |
|
University of Georgia Bulldogs batting - Pitching for Oregon State University Beavers : RHP John Brooks
|
|
Batting: RHB Ivan Barrientos
|
0-0: Ball 1-0: Fly out, F5 (Popup, 56, EV 65.6 MPH)
|
|
Batting: RHB Pedro Gonzalez
|
0-0: Ball 1-0: Ball 2-0: Called Strike 2-1: Ball 3-1: Base on Balls
|
|
Batting: RHB Mike Lassiter
|
0-0: Grounds into double play, 6-4-3 (Groundball, 6M, EV 97.5 MPH)
|
| Bottom of the 7th over - 0 runs, 0 hits, 0 errors, 0 left on base; Oregon State University 3 - University of Georgia 0 |
| TOP OF THE 8TH |
|
Oregon State University Beavers batting - Pitching for University of Georgia Bulldogs : RHP Jon Trujillo
|
|
Batting: LHB Carlos Magana
|
0-0: Foul Ball, location: 2F 0-1: Ball 1-1: Foul Ball, location: 2F 1-2: Ball 2-2: Ball 3-2: Ground out 5-3 (Groundball, 56S, EV 80.0 MPH)
|
|
Batting: RHB Noel Bodkin
|
0-0: SINGLE (Groundball, 25, EV 70.0 MPH) (infield hit)
|
|
Batting: RHB Seth Fox
|
0-0: Ball 1-0: Called Strike 1-1: Fly out, F7 (Flyball, 7, EV 96.9 MPH)
|
|
Batting: LHB Mike Becerra
|
0-0: Ball Noel Bodkin is caught stealing 2nd base 2-6
|
| Top of the 8th over - 0 runs, 1 hit, 0 errors, 0 left on base; Oregon State University 3 - University of Georgia 0 |
| BOTTOM OF THE 8TH |
|
University of Georgia Bulldogs batting - Pitching for Oregon State University Beavers : RHP John Brooks
|
|
Pinch Hitting: SHB Javy Franco
|
0-0: Called Strike 0-1: Foul Ball, location: 2F 0-2: Ball 1-2: Ball 2-2: Fly out, F4 (Flyball, 4D, EV 85.6 MPH)
|
|
Pitching: LHP Jonas Jennings
|
|
|
Batting: RHB Armando Ramirez
|
0-0: Called Strike 0-1: Foul Ball, location: 2F 0-2: Fly out, F6 (Popup, 4MD, EV 67.5 MPH)
|
|
Pinch Hitting: RHB Minoru Matsumoto
|
0-0: Swinging Strike 0-1: Ball 1-1: Foul Ball, location: 2F 1-2: Ball 2-2: Strikes out swinging
|
| Bottom of the 8th over - 0 runs, 0 hits, 0 errors, 0 left on base; Oregon State University 3 - University of Georgia 0 |
| TOP OF THE 9TH |
|
Oregon State University Beavers batting - Pitching for University of Georgia Bulldogs : RHP Jon Trujillo
|
|
Now at 2B: Javy Franco
|
|
|
Now in LF: Antonio Razo
|
|
|
Now in RF: Iestyn Peacock
|
|
|
Pinch Hitting: RHB Tony Gallegos
|
0-0: Ball 1-0: Ball 2-0: Swinging Strike 2-1: Ball 3-1: Foul Ball, location: 2F 3-2: Ground out 1-3 (Groundball, 13S, EV 69.4 MPH)
|
|
Batting: RHB Joel Gomez
|
0-0: Foul Ball, location: 2F 0-1: Ball 1-1: Ball 2-1: Swinging Strike 2-2: Ball 3-2: Base on Balls
|
|
Batting: RHB Roger Mitchell
|
0-0: Fly out, F9 (Flyball, 9, EV 89.4 MPH)
|
|
Batting: RHB Hisao Takei
|
0-0: Ball 1-0: Single, Error in OF, E8, batter to second base (Groundball, 6MD, EV 107.5 MPH) Joel Gomez to third
|
|
Batting: LHB Edwin Bautista
|
0-0: Ball Wild Pitch! Joel Gomez scores Hisao Takei to third 1-0: Ground out 1-3 (Groundball, 23, EV 73.1 MPH)
|
| Top of the 9th over - 1 run, 1 hit, 1 error, 1 left on base; Oregon State University 4 - University of Georgia 0 |
| BOTTOM OF THE 9TH |
|
University of Georgia Bulldogs batting - Pitching for Oregon State University Beavers : LHP Jonas Jennings
|
|
Now in LF: Borislav Draganov
|
|
|
Pinch Hitting: RHB Jose Garibay
|
0-0: Ball 1-0: Fly out, F7 (Flyball, 7, EV 90.6 MPH)
|
|
Batting: RHB Jeff Floyd
|
0-0: Called Strike 0-1: Ball 1-1: Ball 2-1: Fly out, F4 (Popup, 4, EV 65.0 MPH)
|
|
Pinch Hitting: LHB Mike Holland
|
0-0: Ball 1-0: Foul Ball, location: 2F 1-1: Ball 2-1: Swinging Strike 2-2: Strikes out swinging
|
| Bottom of the 9th over - 0 runs, 0 hits, 0 errors, 0 left on base; Oregon State University 4 - University of Georgia 0 |
|